 Dungeon Crawl Stone Soup version 0.29.1 (webtiles) character file.

Game seed: 13908892763224538310

121207 Ijustatesigmund the Warrior (level 16, -42/114 HPs)
             Began as a Gargoyle Fighter on Sept 13, 2022.
             Was the Champion of Cheibriados.
             Killed from afar by Nikola (79 damage)
             ... with an arc of chain lightning
             ... on level 1 of the Shoals.
             The game lasted 00:55:47 (22924 turns).

Ijustatesigmund the Warrior (Gargoyle Fighter)     Turns: 22924, Time: 00:55:49

Health: -42/114    AC: 37    Str: 42    XL:     16   Next: 84%
Magic:  24/26      EV: 17    Int: 35    God:    Cheibriados [******]
Gold:   591        SH: 16    Dex: 25    Spells: 15/15 levels left

rFire   + + .      SeeInvis .   a - +8 morningstar (vamp)
rCold   + . .      Faith    .   c - +4 kite shield
rNeg    + . .      Spirit   .   b - +4 chain mail "Hodic" {rElec Will+ rCorr}
rPois   ∞          Reflect  .   I - +0 helmet of Inference {rF+ rC+ Str+4 Dex-4}
rElec   +          Harm     .   h - +1 cloak of Kega {Str+2 Int+4 Dex+5}
rCorr   +          Rampage  .   S - +3 pair of gauntlets of War {Slay+5}
Will    ++...                   (no boots)
Stlth   ..........              u - amulet of regeneration
HPRegen 1.09/turn               g - +4 ring of evasion
MPRegen 0.20/turn               y - ring of protection from fire

@: flying, very slow
A: sickness immunity, AC +12, big wings, negative energy resistance 1,
electricity resistance, torment resistance 1, petrification resistance
a: Renounce Religion, Bend Time, Temporal Distortion, Slouch, Step From Time


You were on level 1 of the Shoals.
You worshipped Cheibriados.
Cheibriados was exalted by your worship.
You visited 5 branches of the dungeon, and saw 24 of its levels.
You visited the Abyss 1 time.
You also visited: Gauntlet.

You collected 2595 gold pieces.
You spent 2004 gold pieces at shops.

Inventory:

Hand Weapons
 a - a +8 vampiric morningstar (weapon)
 C - a +0 demon whip of venom
Missiles
 f - a throwing net (quivered)
 p - 3 silver javelins
Armour
 b - the +4 chain mail "Hodic" (worn) {rElec Will+ rCorr}
   (You bought it in a shop on level 4 of the Dungeon)

   rElec:     It insulates you from electricity.
   rCorr:     It protects you from acid and corrosion.
   Will:      It increases your willpower.
 c - a +4 kite shield (worn)
 h - the +1 cloak of Kega (worn) {Str+2 Int+4 Dex+5}
   (You acquired it on level 3 of the Dungeon)

   Str:       It affects your strength (+2).
   Int:       It affects your intelligence (+4).
   Dex:       It affects your dexterity (+5).
 I - the +0 helmet of Inference (worn) {rF+ rC+ Str+4 Dex-4}
   (You bought it in a shop on level 14 of the Dungeon)

   Str:       It affects your strength (+4).
   Dex:       It affects your dexterity (-4).
   rF:        It protects you from fire.
   rC:        It protects you from cold.
 S - the +3 pair of gauntlets of War (worn) {Slay+5}
   (You bought it in a shop on level 2 of the Orcish Mines)

   Slay:      It affects your accuracy & damage with ranged weapons and melee
   (+5).
 Y - a +2 cloak of preservation
Jewellery
 g - a +4 ring of evasion (left hand)
 k - a ring of ice
 o - the ring "Wegic" {rC+ Will- MP+9 Int+6 SInv}
   (You found it in a Gauntlet)

   [ring of intelligence]

   Int:       It affects your intelligence (+6).
   rC:        It protects you from cold.
   MP:        It affects your magic capacity (+9).
   SInv:      It lets you see invisible.
   Will:      It decreases your willpower.
 u - an amulet of regeneration (around neck)
 y - a ring of protection from fire (right hand)
 E - a ring of willpower
 O - the amulet of Hairgh {Reflect +Inv rF+ Str+4 SH+5}
   (You found it in a Gauntlet)

   [amulet of reflection]

   It reflects blocked missile attacks.
   Str:       It affects your strength (+4).
   rF:        It protects you from fire.
   +Inv:      It lets you turn invisible.
   SH:        It affects your SH (+5).
 R - a ring of protection from fire
Wands
 e - a wand of flame (16)
 s - a wand of paralysis (30)
 v - a wand of mindburst (15)
 F - a wand of digging (7)
 H - a wand of roots (12)
 M - a wand of polymorph (2)
 W - a wand of quicksilver (4)
Scrolls
 j - 17 scrolls of teleportation
 l - a scroll of torment
 t - 2 scrolls of silence
 w - 3 scrolls of immolation
 x - 3 scrolls of poison
 B - 5 scrolls of amnesia
 J - a scroll of fear
 K - 3 scrolls of blinking
 L - 3 scrolls of brand weapon
 Q - a scroll of summoning
 T - a scroll of magic mapping
 V - 11 scrolls of identify
Potions
 d - 3 potions of brilliance
 i - a potion of lignification
 m - 4 potions of flight
 n - 15 potions of curing
 q - 3 potions of mutation
 r - a potion of magic
 z - 3 potions of attraction
 A - a potion of berserk rage
 D - 2 potions of cancellation
 G - 5 potions of invisibility
 N - 4 potions of haste
 P - a potion of ambrosia
 U - 4 potions of heal wounds
 X - a potion of resistance
 Z - 3 potions of might


   Skills:
 + Level 17.7 Fighting
 + Level 16.1 Maces & Flails
 - Level 12.6 Armour
 + Level 6.0 Dodging
 - Level 6.8 Shields
 + Level 13.7 Invocations
 - Level 5.4 Evocations


You had 15 spell levels left.
You didn't know any spells.
Your spell library contained the following spells:

 Spells                   Type           Power      Damage    Failure   Level
 Beastly Appendage        Tmut           0%         N/A       41%         1
 Freeze                   Ice            0%         1d3       41%         1
 Wereblood                Tmut           0%         N/A       56%         2
 Call Canine Familiar     Summ           0%         N/A       80%         3
 Dazzling Flash           Conj/Hex       0%         N/A       80%         3
 Frozen Ramparts          Ice            0%         1d1       80%         3
 Portal Projectile        Hex/Tloc       0%         N/A       80%         3
 Spider Form              Tmut/Pois      0%         N/A       80%         3
 Animate Armour           Summ/Erth      0%         N/A       99%         4
 Fulminant Prism          Conj/Hex       0%         3d6       99%         4
 Hailstorm                Conj/Ice       0%         3d3       99%         4
 Ice Form                 Ice/Tmut       0%         N/A       99%         4
 Iskenderun's Mystic Bla  Conj/Tloc      0%         2d3       99%         4
 Leda's Liquefaction      Hex/Erth       0%         N/A       99%         4
 Summon Ice Beast         Ice/Summ       0%         N/A       99%         4
 Blade Hands              Tmut           0%         N/A       100%        5
 Fireball                 Conj/Fire      0%         3d3       100%        5
 Iskenderun's Battlesphe  Conj           0%         2d6       100%        5
 Lee's Rapid Deconstruct  Erth           0%         3d5*      100%        5
 Conjure Ball Lightning   Conj/Air       0%         3x3d6     100%        6
 Iron Shot                Conj/Erth      0%         9d1       100%        6
 Borgnjor's Revivificati  Necr           0%         N/A       100%        8
 Discord                  Hex            0%         N/A       100%        8
 Disjunction              Tloc           0%         N/A       100%        8
 Necromutation            Tmut/Necr      0%         N/A       100%        8
 Death's Door             Necr           0%         N/A       100%        9


Dungeon Overview and Level Annotations

Branches:
Dungeon (15/15)            Temple (1/1) D:6            Lair (5/5) D:9
 Shoals (1/4) Lair:3       Spider (0/4) Lair:2        Slime (0/5) Lair:5
    Orc (2/2) D:11            Elf (0/3) Orc:2        Vaults (0/5) D:13
 Depths (0/4) D:15        Gauntlet (visited)

Altars:
Ashenzari
Cheibriados
Dithmenos
Elyvilon
Fedhas
Gozag
Hepliaklqana
Kikubaaqudgha
Makhleb
Nemelex Xobeh
Okawaru
Qazlal
Ru
Sif Muna
Trog
Uskayaw
Vehumet
Wu Jian
Xom
Yredelemnul
Zin
The Shining One

Shops:
D:4 [   D:8 !   D:14 **?[(   Orc:2 ?:[*:

Annotations:
D:10 2 transporters
Shoals:1 Nikola


Innate Abilities, Weirdness & Mutations

You are immune to sickness and miasma.
Your stone body is resilient. (AC +12)
You are immune to poison.
Your large and strong wings let you fly.
You resist negative energy. (rN+)
You are resistant to electric shocks. (rElec)
You are resistant to unholy torment.
You are immune to petrification.


Message History

The bolt of lightning hits the manticore!!!
The manticore dies!
A bolt of lightning appears from out of thin air!
The bolt of lightning hits you!!! You resist.
You hear a shout!
Nikola casts a spell.
Lightning arcs from Nikola's hands!
The bolt of lightning hits you! You resist. Nikola casts a spell at you.
The bolt of lightning misses you.
Nikola casts a spell.
Lightning arcs from Nikola's hands!
The bolt of lightning hits you!! You resist.
* * * LOW HITPOINT WARNING * * *
A bolt of lightning appears from out of thin air!
The bolt of lightning hits Nikola!
You hear a shout!
You feel much better.
You feel much better. You block the snapping turtle's attack.
Nikola mumbles some strange words.
Nikola blinks!
Nikola casts a spell.
Lightning arcs from Nikola's hands!
The bolt of lightning hits the snapping turtle!!!!
The snapping turtle dies!
A bolt of lightning appears from out of thin air!
The bolt of lightning hits Nikola!
The bolt of lightning hits you!! You resist.
A merfolk comes into view. It is wielding a +0 trident.
You hear a shout!
Nikola gestures wildly while chanting.
Lightning arcs from Nikola's hands!
The bolt of lightning hits you!! You resist.
* * * LOW HITPOINT WARNING * * *
A bolt of lightning appears from out of thin air!
The bolt of lightning hits Nikola.
You block Nikola's attack.
You feel much better.
Nikola mumbles some strange words.
Lightning arcs from Nikola's hands!
The bolt of lightning hits you!!! You resist.
Ouch! That really hurt!
You die...

........#..##.. #..##..#
............... ... .
.......~~~~~~~~ .~ ..
.......~~~..~~~
.......~.....~~
..m..........~~
~~~~~~.).....~~
~~~~~~~.@†...~~~ ~
~~~~~~~~@...~~~~ ~
.~~~~~.≈≈≈≈≈###~ ~~≈≈~~~~
.~~~~.~≈≈≈≈≈#≈# ~~~~~~≈~≈
.~~~~~~~.....####~~~~~≈≈≈
.~~≈~..........# #~~~~≈≈≈
.~~~.≈.†.###...###~~~~≈≈≈
.~~~≈....## #^^.##~~~~~≈≈
.~~≈≈..~~~## #..##~~~~~≈≈
...≈≈..~.~~# #..##~~~~≈≈≈


You could see Nikola and a merfolk.

Vanquished Creatures
  Rupert (Orc:1)
  A juggernaut skeleton (D:15)
  A minotaur (Gauntlet)
  Josephine (Orc:1)
  5 hydras
  Harold (D:11)
  An ice dragon (D:14)
  Erolcha (Orc:2)
  2 vault guards (D:13)
  9 centaur warriors
  4 boulder beetles (D:14)
  4 catoblepae
  2 merfolk avatars (Shoals:1)
  5 two-headed ogres
  Erica (D:8)
  A deep troll earth mage (D:14)
  A deep troll shaman (Lair:5)
  A death knight (D:14)
  4 death yaks (Lair:5)
  3 tengu warriors (D:14)
  A satyr (Shoals:1)
  5 orc high priests (Orc:2)
  Amaemon (Lair:2)
  2 skeletal warriors
  4 sixfirhies (Gauntlet)
  3 sea snakes (Shoals:1)
  A spark wasp zombie (D:15)
  A flayed ghost (D:15)
  Pikel (D:7)
  11 orc knights
  A wizard (D:14)
  A necromancer (D:15)
  A tengu zombie (D:15)
  A lindwurm (Lair:5)
  6 deep elf pyromancers
  A deep elf zephyrmancer (D:14)
  2 wolf spiders (D:14)
  4 oklob plants
  3 orc sorcerers
  6 cyclopes
  8 fauns (Shoals:1)
  7 manticores
  11 ugly things
  2 merfolk sirens (Shoals:1)
  A black mamba (shapeshifter) (D:14)
  An orange demon (Lair:2)
  Joseph (D:8)
  8 elephants
  18 cane toads
  8 black mambas
  3 molten gargoyles (Gauntlet)
  4 gargoyles
  An unseen horror (D:12)
  An efreet (D:14)
  An ancient zyme (Abyss:2)
  9 komodo dragons
  4 kobold demonologists
  4 yaktaurs (D:15)
  A tengu conjurer (D:14)
  A guardian mummy (D:15)
  5 merfolk (Shoals:1)
  2 polar bears
  A queen bee (shapeshifter) (D:14)
  A meliai (D:14)
  6 trolls
  5 snapping turtles (Shoals:1)
  7 dream sheep (Lair:3)
  12 blink frogs
  An ettin zombie (D:15)
  2 slime creatures (D:14)
  4 jumping spiders (Lair:2)
  3 flying skulls (Gauntlet)
  Sigmund (D:3)
  9 wraiths
  3 culicivoras (Lair:2)
  3 water elementals (Shoals:1)
  4 shadows
  2 vampires
  9 wyverns
  9 humans (D:13)
  A human (shapeshifter) (D:14)
  38 yaks
  5 basilisks
  A golden eye (shapeshifter) (D:14)
  Grum (D:10)
  2 redbacks
  Edmund (D:6)
  3 vampire mosquitoes
  An acid dragon (D:12)
  2 swamp worms (Gauntlet)
  2 wargs (Orc:2)
  12 water moccasins
  A floating eye (Lair:2)
  43 orc warriors
  A sky beast (D:7)
  2 black bears
  12 wolves
  An ice beast (D:5)
  7 ogres
  11 centaurs
  10 kobold brigands
  17 bullfrogs
  Blork the orc (D:6)
  4 gnoll sergeants
  2 scorpions (D:5)
  8 wights
  5 killer bees (D:8)
  3 electric eels
  5 howler monkeys
  2 hounds
  2 gnoll boudas
  28 orc priests
  2 jellies
  3 iguanas
  29 orc wizards
  Robin (D:2)
  34 gnolls
  6 adders
  2 river rats (D:3)
  A shadow imp (D:7)
  A white imp (D:5)
  An ufetubus (D:5)
  A worm (D:2)
  70 orcs
  3 bats
  9 endoplasms
  3 giant cockroaches
  17 goblins
  17 hobgoblins
  3 quokkas
  6 ball pythons
  A frilled lizard (D:2)
  29 kobolds
  5 rats
766 creatures vanquished.

Vanquished Creatures (others)
  A merfolk impaler (Shoals:1)
  A manticore (Shoals:1)
  A snapping turtle (Shoals:1)
  A human (D:13)
  A boggart (D:14)
  A centaur (D:13)
  An orc wizard (Orc:1)
  A gnoll (D:12)
  14 fungi
  51 plants
  2 withered plants (D:15)
75 creatures vanquished.

Grand Total: 841 creatures vanquished

Notes
Turn   | Place    | Note
-------+----------+-------------------------------------------
     0 | D:1      | Ijustatesigmund the Gargoyle Fighter began the quest for
                  | the Orb.
     0 | D:1      | Reached XP level 1. HP: 14/14 MP: 1/1
   195 | D:1      | You fall into a shaft and drop 1 floor!
   205 | D:2      | Reached XP level 2. HP: 19/19 MP: 2/2
   906 | D:2      | Reached skill level 4 in Fighting
   906 | D:2      | Reached XP level 3. HP: 24/24 MP: 3/3
   934 | D:2      | Reached XP level 4. HP: 11/30 MP: 4/4
  1659 | D:2      | Noticed Robin
  1870 | D:2      | Killed Robin
  2444 | D:2      | Reached XP level 5. HP: 34/34 MP: 5/5
  2755 | D:3      | Noticed Sigmund
  2791 | D:3      | Killed Sigmund
  2792 | D:3      | Reached skill level 5 in Fighting
  2792 | D:3      | Reached XP level 6. HP: 30/40 MP: 6/6
  2919 | D:3      | Identified a scroll of acquirement
  2919 | D:3      | Acquired the +1 cloak of Kega {Str+2 Int+4 Dex+5}
  3145 | D:3      | Found a shimmering blue altar of Sif Muna.
  3719 | D:4      | Found Lytwothru's Armour Shop.
  3821 | D:4      | Reached skill level 6 in Fighting
  3821 | D:4      | Reached XP level 7. HP: 46/46 MP: 7/7
  3893 | D:4      | Found a stormy altar of Qazlal.
  3957 | D:4      | Found a shimmering altar of Xom.
  4039 | D:4      | Found an opulent altar of Gozag.
  4097 | D:4      | Found a shadowy altar of Dithmenos.
  4214 | D:4      | Found a burning altar of Makhleb.
  4471 | D:5      | Entered Level 5 of the Dungeon
  4519 | D:5      | Reached skill level 5 in Maces & Flails
  4669 | D:5      | Reached skill level 5 in Armour
  4706 | D:5      | Found an iron altar of Okawaru.
  4878 | D:5      | Found the +2 hat of the Bear Spirit {Spirit, *Rage Will++}
  4887 | D:5      | Reached XP level 8. HP: 48/52 MP: 8/8
  4939 | D:5      | Reached skill level 7 in Fighting
  5279 | D:6      | Noticed Edmund
  5297 | D:6      | Killed Edmund
  5353 | D:6      | Found an ornate altar of the Wu Jian Council.
  5441 | D:6      | Found a staircase to the Ecumenical Temple.
  5452 | Temple   | Entered the Ecumenical Temple
  5938 | D:6      | Noticed Blork the orc
  5948 | D:6      | Killed Blork the orc
  6012 | D:6      | Reached skill level 8 in Fighting
  6012 | D:6      | Reached XP level 9. HP: 59/59 MP: 9/9
  6157 | D:7      | Noticed Pikel
  6172 | D:7      | Killed Pikel
  6692 | D:7      | Reached skill level 9 in Fighting
  7216 | D:7      | Found a bloodstained altar of Trog.
  7218 | D:7      | Found a blossoming altar of Fedhas.
  7753 | D:7      | Reached XP level 10. HP: 61/66 MP: 10/10
  8102 | D:8      | Reached skill level 10 in Fighting
  8111 | D:8      | Reached skill level 1 in Evocations
  8129 | D:8      | Identified the +1 ring mail of the Trombone {rElec rPois
                  | Regen+ SInv}
  8277 | D:8      | Found Cuwkasom's Distillery.
  8378 | D:8      | Noticed Erica
  8412 | D:8      | Killed Erica
  8571 | D:8      | Noticed Joseph
  8583 | D:8      | Killed Joseph
  8829 | D:4      | Bought the +4 chain mail "Hodic" {rElec Will+ rCorr} for
                  | 546 gold pieces
  9083 | D:9      | Noticed a kobold demonologist
  9091 | D:9      | Killed a kobold demonologist
  9204 | D:9      | Found a staircase to the Lair.
  9315 | D:9      | Reached skill level 11 in Fighting
  9336 | D:9      | Reached XP level 11. HP: 57/74 MP: 11/11
  9345 | D:9      | Reached skill level 10 in Maces & Flails
  9414 | D:9      | Noticed a two-headed ogre
  9428 | D:9      | Killed a two-headed ogre
  9646 | D:9      | Reached skill level 5 in Evocations
  9737 | D:10     | Entered Level 10 of the Dungeon
  9938 | D:10     | Found a snail-covered altar of Cheibriados.
  9949 | D:10     | Noticed Grum
  9976 | D:10     | Killed Grum
 10007 | D:10     | Became a worshipper of Cheibriados the Contemplative
 10101 | D:10     | Noticed a two-headed ogre
 10113 | D:10     | Killed a two-headed ogre
 10114 | D:10     | Reached skill level 12 in Fighting
 10114 | D:10     | Reached skill level 1 in Invocations
 10134 | D:10     | Identified the +5 battleaxe of Joyful Slaughter {vorpal,
                  | rPois Int+4}
 10272 | D:10     | Found a transporter.
 10302 | D:10     | Found a transporter.
 10315 | D:10     | Found a basalt altar of Yredelemnul.
 10319 | D:10     | Noticed a flayed ghost
 10336 | D:10     | Found an ancient bone altar of Kikubaaqudgha.
 11001 | D:11     | Noticed a two-headed ogre
 11019 | D:11     | Killed a two-headed ogre
 11196 | D:11     | Noticed a two-headed ogre
 11204 | D:11     | Noticed a sixfirhy
 11211 | D:12     | Noticed a deep elf pyromancer
 11218 | D:11     | Killed a two-headed ogre
 11227 | D:11     | Reached * piety under Cheibriados
 11363 | D:11     | Reached XP level 12. HP: 57/82 MP: 13/15
 11545 | D:11     | Found a staircase to the Orcish Mines.
 11609 | D:11     | Reached ** piety under Cheibriados
 11930 | D:11     | Reached skill level 5 in Invocations
 12012 | D:12     | Noticed a five-headed hydra
 12020 | D:12     | Killed a five-headed hydra
 12021 | D:12     | Reached skill level 5 in Shields
 12178 | D:11     | Reached skill level 13 in Fighting
 13058 | D:13     | Noticed a centaur warrior
 13067 | D:13     | Killed a centaur warrior
 13121 | D:13     | Noticed a vault guard
 13124 | D:13     | Reached *** piety under Cheibriados
 13128 | D:13     | Noticed a vault guard
 13147 | D:13     | Killed a vault guard
 13165 | D:13     | Killed a vault guard
 13214 | D:13     | Found a gate to the Vaults.
 13276 | D:14     | Reached XP level 13. HP: 89/89 MP: 18/18
 13288 | D:14     | Found Deshrium's Magic Scroll Emporium.
 13288 | D:14     | Found Olaludd's Antique Armour Shop.
 13308 | D:14     | Reached skill level 1 in Dodging
 13344 | D:14     | Bought a steaming helmet for 275 gold pieces
 13344 | D:14     | Identified the +0 helmet of Inference {rF+ rC+ Str+4 Dex-4}
                  | (You bought it in a shop on level 14 of the Dungeon)
 13374 | D:14     | Found a gate leading to a gauntlet.
 13380 | D:14     | Found Mozi's Assorted Antiques.
 13414 | Gauntlet | Entered a Gauntlet
 13414 | Gauntlet | Found a transporter.
 13421 | Gauntlet | Found a runed translucent gate.
 13423 | Gauntlet | Found a transporter.
 13424 | Gauntlet | Found a runed translucent gate.
 13425 | Gauntlet | Found a runed translucent gate.
 13426 | Gauntlet | Found a transporter.
 13427 | Gauntlet | Found a transporter.
 13435 | Gauntlet | Found a transporter.
 13438 | Gauntlet | Found a transporter.
 13439 | Gauntlet | Found a transporter.
 13451 | Gauntlet | Found a transporter.
 13452 | Gauntlet | Found a transporter.
 13452 | Gauntlet | Found a transporter.
 13464 | Gauntlet | Found a transporter.
 13465 | Gauntlet | Found a transporter.
 13466 | Gauntlet | Found a transporter.
 13473 | Gauntlet | Found a transporter.
 13598 | Gauntlet | Reached **** piety under Cheibriados
 13631 | Gauntlet | Reached skill level 14 in Fighting
 13648 | Gauntlet | Identified the amulet of Hairgh {Reflect +Inv rF+ Str+4
                  | SH+5}
 13800 | Gauntlet | Identified the ring "Wegic" {rC+ Will- MP+9 Int+6 SInv}
 13832 | Gauntlet | Noticed a minotaur
 13842 | Gauntlet | HP: 3/90 [minotaur/the +8 demon trident "Rift" {distort,
                  | reach+} (10)]
 13851 | Abyss:2  | Found a corrupted altar of Lugonu.
 13851 | Abyss:2  | Cast into level 2 of the Abyss (minotaur)
 13910 | Abyss:2  | Found a corrupted altar of Lugonu.
 13952 | Gauntlet | Escaped the Abyss
 13966 | Gauntlet | Killed a minotaur
 14014 | Gauntlet | Identified the +0 troll leather armour of Kidy {Regen+
                  | Str+3 Dex+4}
 14018 | Gauntlet | Got the Book of Arcane Weapons
 14034 | D:14     | Bought a scroll of identify for 64 gold pieces
 14034 | D:14     | Bought a potion of heal wounds for 160 gold pieces
 14050 | D:14     | Found Curphoic's General Store.
 14253 | D:14     | Noticed an ice dragon
 14262 | D:14     | Killed an ice dragon
 14306 | D:14     | Gained mutation: Your large and strong wings let you fly.
                  | [Gargoyle growth]
 14306 | D:14     | Reached XP level 14. HP: 65/96 MP: 20/20
 14422 | D:14     | Reached skill level 15 in Fighting
 14454 | D:14     | Identified the +5 spear "Qupug" {elec, rCorr}
 14564 | D:14     | Reached skill level 10 in Armour
 14607 | D:14     | Reached ***** piety under Cheibriados
 14608 | D:14     | Reached skill level 10 in Invocations
 14648 | D:14     | Identified the +6 short sword "Inemn" {vorpal, rF+}
 14754 | D:14     | Found a shimmering blue altar of Sif Muna.
 14756 | D:14     | Found an ornate altar of the Wu Jian Council.
 14756 | D:14     | Found a glowing silver altar of Zin.
 14758 | D:14     | Found a burning altar of Makhleb.
 14758 | D:14     | Found a shimmering altar of Xom.
 14758 | D:14     | Found a basalt altar of Yredelemnul.
 14944 | D:14     | Found Rofuet's Weapon Boutique.
 15204 | D:15     | Entered Level 15 of the Dungeon
 15546 | D:15     | Found a staircase to the Depths.
 15733 | D:15     | Reached XP level 15. HP: 104/104 MP: 23/23
 16087 | Lair:1   | Entered Level 1 of the Lair of Beasts
 16752 | Lair:1   | Reached skill level 16 in Fighting
 17196 | Lair:2   | Noticed Amaemon
 17208 | Lair:2   | Killed Amaemon
 17244 | Lair:2   | Paralysed by a floating eye for 3 turns
 17247 | Lair:2   | Reached ****** piety under Cheibriados
 17427 | Lair:2   | Found a hole to the Spider Nest.
 17593 | Lair:2   | You are sucked into a shaft and drop 1 floor!
 18240 | Lair:3   | Found a hazy altar of Hepliaklqana.
 18528 | Lair:3   | Reached skill level 15 in Maces & Flails
 18536 | Lair:3   | Found a staircase to the Shoals.
 19499 | Lair:5   | Entered Level 5 of the Lair of Beasts
 19520 | Lair:5   | Identified the +1 chain mail "Reehoets" {rCorr Stlth+}
 19670 | Lair:5   | Identified the +8 rapier of Yqimes {vorpal, MP+9 Stlth+}
 19766 | Lair:5   | Reached XP level 16. HP: 101/112 MP: 25/25
 20187 | Lair:5   | Identified the +2 arbalest "Dragonbane" {vorpal, Contam rN+
                  | SInv}
 20325 | Lair:5   | Found a staircase to the Slime Pits.
 20936 | Orc:1    | Entered Level 1 of the Orcish Mines
 20938 | Orc:1    | Noticed Josephine
 20941 | Orc:1    | Noticed Harold
 20955 | Orc:1    | Killed Josephine
 20956 | Orc:1    | Reached skill level 17 in Fighting
 20966 | D:11     | Killed Harold
 21267 | Orc:2    | Entered Level 2 of the Orcish Mines
 21312 | Orc:2    | Noticed Rupert
 21347 | Orc:1    | Killed Rupert
 21396 | Orc:2    | Noticed Erolcha
 21413 | Orc:2    | Killed Erolcha
 21473 | Orc:2    | Found a staircase to the Elven Halls.
 21578 | Orc:2    | Found Usyptoptid's Book Boutique.
 21621 | Orc:2    | Reached skill level 5 in Dodging
 22299 | Orc:2    | Found Odaenuc's Armour Emporium.
 22299 | Orc:2    | Found Memiora's Assorted Antiques.
 22300 | Orc:2    | Found Puenal's Magic Scroll Emporium.
 22300 | Orc:2    | Found Eptufo's Book Shoppe.
 22307 | Orc:2    | Bought the +3 pair of gauntlets of War {Slay+5} for 665
                  | gold pieces
 22307 | Orc:2    | Found the +3 pair of gauntlets of War {Slay+5}
 22320 | Orc:2    | Bought a scroll of poison for 56 gold pieces
 22320 | Orc:2    | Bought a scroll of torment for 133 gold pieces
 22320 | Orc:2    | Bought a scroll of blinking for 105 gold pieces
 22517 | Shoals:1 | Entered Level 1 of the Shoals
 22905 | Shoals:1 | Identified the +1 pair of gloves of Himigus {Contam Harm
                  | Str+3 Int+3}
 22905 | Shoals:1 | Noticed Nikola
 22924 | Shoals:1 | Killed from afar by Nikola

Illustrated notes

Levels and vault maps discovered:
D:1:      ncdulo_smallfort, layout_loops_ring, minivault_4
D:2:      layout_rooms, serial_rivers, chequers_serial_rivers_room_a,
          chequers_serial_rivers_small_3, chequers_serial_rivers_large_a,
          chequers_serial_rivers_micro_d, kennysheep_big_empty_room,
          minivault_5, grunt_ministairs_3, guppyfry_early_orc_mine, uniq_robin
D:3:      layout_loops_cross, led_sif_pool, portal_sewer_entry_b,
          minmay_crystal_room, hex_large, uniq_sigmund
D:4:      layout_basic, lightli_temple_of_fire, mainiacjoe_overflow_alcove_4,
          grunt_qazlal_clouds, nicolae_dithmenos_through_a_glass_darkly,
          old_standard_altar, serial_shops, nicolae_square_shop,
          minmay_goblin_outpost
D:5:      layout_loops_cross, mainiacjoe_overflow_cross_hatched
D:6:      layout_rooms, nicolae_wu_jian_wuxing_cycle, minmay_temple_entry_ruins,
          kennysheep_decorative_pillar, uniq_edmund, uniq_blork_the_orc
D:7:      layout_loops_ring, nicolae_overflow_hidden_temple, water_maze_lemuel,
          uniq_pikel
D:8:      layout_loops_ring, serial_shops, nicolae_shop_waterfront, uniq_erica,
          uniq_joseph
D:9:      layout_roguey, dpeg_oklobed_lair
D:10:     layout_basic, kennysheep_mini_moat, gammafunk_temple_of_torment,
          minmay_misc_feat_plants, kennysheep_generic_room_6, uniq_grum
D:11:     layout_roguey, kennysheep_orc_monster_closet_entryway,
          dk_noncrumbling_4
D:12:     layout_rooms, kennysheep_generic_room_13
D:13:     layout_rooms, ximxim_vaults_locker_room, drop_trap
D:14:     minmay_the_grid_square_5x5_5x5
          [minmay_the_grid_square_5x5_two_walls_b,
          minmay_the_grid_square_5x5_three_walls,
          minmay_the_grid_square_5x5_tie, minmay_the_grid_square_5x5_shrine2,
          minmay_the_grid_square_5x5_misaligned, minmay_the_grid_square_5x5_meh,
          minmay_the_grid_square_5x5_prize_junk,
          minmay_the_grid_square_5x5_detours,
          minmay_the_grid_square_5x5_prize_rear_guard,
          minmay_the_grid_square_5x5_n_small, minmay_the_grid_square_5x5_spiral,
          minmay_the_grid_square_5x5_c,
          minmay_the_grid_square_5x5_prize_deathbox,
          minmay_the_grid_square_5x5_corner, minmay_the_grid_square_5x5_inner_v,
          minmay_the_grid_square_5x5_seven,
          minmay_the_grid_square_5x5_prize_open,
          minmay_the_grid_square_5x5_almost_minimal,
          minmay_the_grid_square_5x5_prize_monsterx,
          minmay_the_grid_square_5x5_comb, minmay_the_grid_square_5x5_z,
          minmay_the_grid_square_5x5_half_checkered,
          minmay_the_grid_square_5x5_bracketed,
          minmay_the_grid_square_5x5_checkered_sparse,
          minmay_the_grid_square_5x5_empty], layout_irregular_city,
          serial_shops, shop, shop_fountains, nicolae_shop_window_shopping,
          nicolae_shop_bloodbath_and_beyond, shop_fountains,
          doesnt_xom_only_xom, gauntlet_entry_generic, minmay_misc_feat_hallway,
          kennysheep_generic_room_11
D:15:     gammafunk_depths_entry_grave, layout_basic
Temple:   hellmonk_temple_forest_ring
Lair:1:   layout_cave_pods
Lair:2:   layout_small_grid, nicolae_spider_entry_tight_spaces, disabler_island,
          grunt_megastairs_2, infiniplex_staircase_pool_2, uniq_amaemon
Lair:3:   layout_chaotic_city, shoals_dummy_entry, lemuel_oklob_altar,
          grunt_megastairs_4
Lair:4:   layout_roguey, grunt_megastairs_1, infiniplex_staircase_pool
Lair:5:   grunt_lair_end_beastmaster, layout_gridlike, dpeg_slime_entry_enclosed
Shoals:1: cheibrodos_shoals_satyrical_garden, layout_shoals, serial_shops,
          shop_statue, nicolae_shoals_land_atoll, uniq_nikola
Orc:1:    layout_caves, uniq_josephine, uniq_harold
Orc:2:    st_orc_pillars, layout_diamond_mine, serial_shops,
          nicolae_diamond_shop, uniq_rupert, uniq_erolcha

Skill      XL: |  1  2  3  4  5  6  7  8  9 10 11 12 13 14 15 16 |
---------------+-------------------------------------------------+-----
Fighting       | 4 5 6 8 9 11 12 13 14 15 16 17 | 17.7
Maces & Flails | 3 4 5 6 8 9 11 12 13 14 15 16 | 16.1
Armour         | 4 5 7 8 9 11 12 | 12.6
Evocations     | 4 5 |  5.4
Invocations    | 4 7 9 11 12 13 | 13.7
Shields        | 4 6 |  6.8
Dodging        | 4 6 |  6.0

Action                   |  1- 3 |  4- 6 |  7- 9 | 10-12 | 13-15 | 16-18 || total
-------------------------+-------+-------+-------+-------+-------+-------++-------
Melee: Flail             |    65 |   186 |   341 |   198 |       |       ||   790
       Whip              |       |       |       |   458 |       |       ||   458
       Morningstar       |       |       |       |   329 |   978 |   525 ||  1832
Throw: Throwing net      |       |     2 |     3 |       |     1 |       ||     6
Invok: Slouch            |       |       |       |       |     2 |     2 ||     4
       Bend Time         |       |       |       |       |     1 |       ||     1
Evoke: Wand              |       |     7 |     4 |     3 |    14 |       ||    28
  Use: Scroll            |     2 |     9 |     5 |    14 |    14 |     5 ||    49
       Potion            |     1 |     2 |     2 |     3 |     2 |     3 ||    13
 Stab: Paralysed         |       |       |       |       |     6 |       ||     6
       Petrified         |       |       |       |       |    15 |       ||    15
       Petrifying        |       |       |       |       |     1 |       ||     1
Armor: Scale mail        |    29 |    92 |   162 |    37 |       |       ||   320
       Chain mail        |       |       |       |   456 |   598 |   262 ||  1316
       Ring mail         |       |       |       |    21 |       |       ||    21
Dodge: Dodged            |    34 |   158 |   224 |   433 |   486 |   379 ||  1714
Block: Buckler           |    12 |    43 |   109 |   268 |       |       ||   432
       Kite shield       |       |       |       |       |   652 |   499 ||  1151
